 Dungeon Crawl Stone Soup version 0.24.0-41-g2ae2f7f1be (webtiles) character file.

Game seed: 15105614054615904697, levelgen mode: deterministic

79 Devinter the Chopper (level 4, 0/40 HPs)
             Began as a Hill Orc Monk on Dec 11, 2019.
             Succumbed to an adder's poison
             ... on level 2 of the Dungeon.
             The game lasted 00:09:41 (1410 turns).

Devinter the Chopper (Hill Orc Monk)                Turns: 1410, Time: 00:09:42

Health: 0/40       AC:  3    Str: 13    XL:     4   Next: 38%
Magic:  4/4        EV: 13    Int: 10    God:
Gold:   44         SH:  0    Dex: 14    Spells: 3/3 levels left

rFire    . . .     SeeInvis .   a - +0 hand axe
rCold    . . .     Gourm    .   (no shield)
rNeg     . . .     Faith    .   n - +0 leather armour
rPois    .         Spirit   .   (no helmet)
rElec    .         Reflect  .   (no cloak)
rCorr    .         Harm     .   (no gloves)
MR       .....                  (no boots)
Stlth    ++........             (no amulet)
HPRegen  0.13/turn              (no ring)
MPRegen  0.09/turn              (no ring)

@: lethally poisoned (0 -> -7)
A: no striking features
a: no special abilities


You were on level 2 of the Dungeon.
You were hungry.

You visited 1 branch of the dungeon, and saw 2 of its levels.

You collected 44 gold pieces.

Inventory:

Hand Weapons
 a - a +0 hand axe (weapon)
Missiles
 i - 7 poisoned darts (quivered)
 j - 113 stones
 k - 24 sling bullets
Armour
 b - a +0 robe
 n - a +0 leather armour (worn)
Jewellery
 e - an uncursed ring of ice {unknown}
 m - an uncursed amulet of magic regeneration {unknown}
Scrolls
 f - a scroll of magic mapping
 h - a scroll of remove curse
Comestibles
 c - 2 rations


   Skills:
 + Level 4.2 Fighting
 * Level 5.4 Axes
 + Level 2.9 Dodging
 - Level 2.0 Stealth


You had 3 spell levels left.
You didn't know any spells.
Your spell library was empty.

Dungeon Overview and Level Annotations

Branches:
Dungeon (2/15)

Altars:


Message History

* * * LOW HITPOINT WARNING * * *
Unknown command.
You hit the adder.
The adder is heavily wounded.
You hit the adder. The adder bites you but does no damage.
The adder barely misses you.
You hit the adder.
The adder is almost dead.
You hit the adder. The adder misses you. The adder bites you.
* * * LOW HITPOINT WARNING * * *
You are more poisoned.
The adder poisons you!
You hit the adder.
You kill the adder!
You hit the adder but do no damage.
* * * LOW HITPOINT WARNING * * *
You feel sick. The adder misses you. The adder completely misses you.
You closely miss the adder.
The adder is almost dead.
You die...

. #. #.##.#.# #..#
..#.###.##.#.# #..#
............####..#
...................#
...##....#########.#
...................#
##...##....###########
..>..##†#..#
.....wS@...#
.###########


You could see an adder and a dart slug.

Vanquished Creatures
  Terence (D:2)
  2 adders (D:2)
  An ooze (D:1)
  A dart slug (D:1)
  A leopard gecko (D:2)
  6 bats (D:1)
  4 giant cockroaches (D:1)
  A goblin (D:1)
  3 hobgoblins
  2 jackals (D:1)
  2 ball pythons (D:1)
  A frilled lizard (D:1)
  2 kobolds (D:1)
  5 rats (D:1)
32 creatures vanquished.

Notes
Turn   | Place    | Note
-------+----------+-------------------------------------------
     0 | D:1      | Devinter the Hill Orc Monk began the quest for the Orb.
     0 | D:1      | Reached XP level 1. HP: 19/19 MP: 1/1
   345 | D:1      | Reached XP level 2. HP: 27/27 MP: 2/2
   622 | D:1      | Reached XP level 3. HP: 16/33 MP: 3/3
   805 | D:1      | Reached skill level 2 in Stealth
   820 | D:1      | Reached skill level 4 in Fighting
  1129 | D:2      | Noticed Terence
  1399 | D:2      | Killed Terence
  1399 | D:2      | Reached skill level 5 in Axes
  1399 | D:2      | Reached XP level 4. HP: 21/40 MP: 4/4
  1406 | D:2      | HP: 2/40 [adder (4)]
  1410 | D:2      | Succumbed to an adder's poison

Levels and vault maps discovered:
D:1:      nagdon_arrival_double_spiral, layout_basic
D:2:      layout_loops_ring, uniq_terence, uniq_robin, uniq_crazy_yiuf_cottage,
          uniq_jessica

Skill      XL: |  1  2  3 |
---------------+----------+-----
Stealth        | 2 |  2.0
Fighting       | 4 |  4.2
Axes           | 5 |  5.4
Dodging        | |  2.9

Action                   |  1- 3 |  4- 6 || total
-------------------------+-------+-------++-------
Melee: Hand axe          |   119 |     7 ||   126
  Use: Potion            |     1 |       ||     1
       Scroll            |       |     4 ||     4
 Stab: Sleeping          |     2 |       ||     2
  Eat: Chunk             |     1 |       ||     1
Armor: Robe              |    17 |       ||    17
       Leather armour    |     4 |     1 ||     5
Dodge: Dodged            |    87 |    11 ||    98
